 Dungeon Crawl Stone Soup version 0.24.0-13-gcf9b3192b9 (webtiles) character file.

Game seed: 8552408165755064046, levelgen mode: deterministic

1762 Mesmaeker13 the Conjurer (level 8, -3/51 HPs)
             Began as a Grey Draconian Wizard on Nov 9, 2019.
             Was an Initiate of Hepliaklqana.
             Killed by divine providence
             ... invoked by an orc priest
              (15 damage)
             ... on level 7 of the Dungeon.
             The game lasted 00:16:28 (9904 turns).

Mesmaeker13 the Conjurer (Grey Draconian Wizard)    Turns: 9904, Time: 00:16:29

Health: -3/51      AC: 12    Str: 13    XL:     8   Next: 79%
Magic:  12/14      EV: 14    Int: 25    God:    Hepliaklqana [......]
Gold:   136        SH:  0    Dex: 10    Spells: 9/15 levels left

rFire    . . .     SeeInvis .   E - +4 spear "Liuclo Utte" {pierce, +Fly rElec Str+4 Int+4}
rCold    . . .     Gourm    .   (no shield)
rNeg     . . .     Faith    .   (armour unavailable)
rPois    .         Spirit   .   a - +0 hat
rElec    +         Reflect  .   (no cloak)
rCorr    .         Harm     .   (no gloves)
MR       .....                  k - +0 pair of boots
Stlth    ++........             (no amulet)
HPRegen  0.17/turn              (no ring)
MPRegen  0.14/turn              (no ring)

@: no status effects
A: walk through water, unfitting armour, reduced essence, unbreathing,
cold-blooded, AC +11
a: Recall Ancestor, Ancestor Identity, Renounce Religion, Evoke Flight


You were on level 7 of the Dungeon.
You worshipped Hepliaklqana.
Hepliaklqana was noncommittal.
You were not hungry.

You visited 2 branches of the dungeon, and saw 8 of its levels.

You collected 368 gold pieces.
You spent 232 gold pieces at shops.

Inventory:

Hand Weapons
 E - the +4 spear "Liuclo Utte" (weapon) {pierce, +Fly rElec Str+4 Int+4}
   (You bought it in a shop on level 4 of the Dungeon)

   It inflicts extra damage upon your enemies.
   It affects your strength (+4).
   It affects your intelligence (+4).
   It insulates you from electricity.
   It lets you fly.
Missiles
 q - 53 poisoned darts (quivered)
 w - a throwing net
Armour
 a - a +0 hat (worn)
 k - a +0 pair of boots (worn)
Wands
 b - a wand of digging (3)
 h - a wand of disintegration (12)
 y - a wand of clouds (3)
 A - a wand of acid (7)
Scrolls
 d - 3 scrolls of teleportation {unknown}
 f - 3 scrolls of blinking
 i - 3 scrolls of fear
 j - a scroll of enchant armour {unknown}
 m - a scroll of random uselessness {unknown}
 n - a scroll of fog {unknown}
 p - a scroll of amnesia {unknown}
 r - 2 scrolls of magic mapping {unknown}
 x - a scroll of immolation {unknown}
 B - 2 scrolls of enchant weapon {unknown}
Potions
 g - 3 potions of resistance
 l - a potion of lignification
 o - a potion of brilliance {unknown}
 s - a potion of invisibility
 t - 2 potions of flight {unknown}
 u - 2 potions of degeneration {unknown}
 v - 4 potions of curing {unknown}
 z - 2 potions of heal wounds {unknown}
 C - a potion of agility {unknown}
Comestibles
 c - 2 rations


   Skills:
 + Level 6.2 Dodging
 - Level 1.7 Stealth
 - Level 4.0 Spellcasting
 + Level 6.5 Conjurations
 - Level 4.0 Summonings
   Level 1.0 Translocations
 + Level 3.9 Poison Magic


You had 9 spell levels left.
You knew the following spells:

 Your Spells              Type           Power        Failure   Level  Hunger
a - Magic Dart            Conj           ####         1%          1    None
b - Call Imp              Summ           ####....     2%          2    None
c - Mephitic Cloud        Conj/Pois/Air  ###.....     6%          3    ##.....

Your spell library contained the following spells:

 Spells                   Type           Power        Failure   Level  Hunger
 Conjure Flame            Conj/Fire      ###.....     7%          3    ##.....
 Blink                    Tloc           N/A          9%          2    None
 Slow                     Hex            #.......     14%         2    None


Dungeon Overview and Level Annotations

Branches:
Dungeon (7/15)             Temple (1/1) D:6

Altars:
Ashenzari
Dithmenos
Elyvilon
Hepliaklqana
Kikubaaqudgha
Makhleb
Nemelex Xobeh
Okawaru
Qazlal
Sif Muna
Vehumet
Wu Jian
Yredelemnul
The Shining One

Shops:
D:4 *


Innate Abilities, Weirdness & Mutations

You can walk through water.
Your dull iron-grey scales are very hard. (AC +11)
You cannot fit into any form of body armour.
You can survive without breathing.
You are cold-blooded and may be slowed by cold attacks.
Your life essence is reduced to manifest your ancestor. (-10% HP)


Message History

The hippogriff barely misses you.
The hippogriff pecks you but does no damage.
The hippogriff claws you.
* * * LOW HITPOINT WARNING * * *
The howler monkey hits you but does no damage.
Gnaeus hits the hippogriff!
The hippogriff dies!
You are very lightly contaminated with residual magic.
Your magical effects are unravelling.
You feel magically purged.
Your magical contamination has completely faded away.
You feel less wooden.
Your +0 hat unmelds from your body.
Your +0 pair of boots unmelds from your body.
You flicker back into view.
The howler monkey misses you.
An ogre comes into view. It is wielding a +0 giant spiked club.
The orc priest mumbles some strange prayers to Beogh against you.
Beogh smites you!
You die...

..... . ... ....
.. .... ... ...
.... .. .... ...
.#.....
.###S####ao....#
.....O.o5o.....#
....#Rho...#..#
. #@###..# #..#
..# ##.. .# #...
.# ##... # ..##
.## ..


You could see the friendly Gnaeus the ancestor, an orc warrior, an ogre, a
howler monkey, a worker ant, 2 orc priests, an orc wizard, a crimson imp and an
adder.

Vanquished Creatures
  A water moccasin (D:5)
  An orc warrior (D:6)
  2 phantoms
  An ogre (D:6)
  A centaur (D:6)
  A big kobold (D:6)
  A bullfrog (D:6)
  A jelly (D:5)
  2 bullfrog skeletons
  4 orc wizards
  Jessica (D:3)
  A worker ant (D:4)
  An iguana (D:4)
  3 gnolls
  A worker ant zombie (D:6)
  7 adders
  3 oozes
  4 worms
  4 dart slugs
  3 leopard geckos
  17 orcs
  2 ball pythons (D:3)
  8 giant cockroaches
  12 goblins
  8 hobgoblins
  12 jackals
  26 kobolds
  5 quokkas
  6 bats
  5 frilled lizards
  8 rats
152 creatures vanquished.

Vanquished Creatures (collateral kills)
  Grinder (D:5)
  A hippogriff (D:7)
  A sky beast (D:5)
  A scorpion (D:4)
  A howler monkey (D:7)
  3 orc wizards
  A centaur skeleton (D:5)
  A hound (D:3)
  A worker ant (D:6)
  A gnoll (D:4)
  4 orcs (D:4)
  A kobold (D:6)
17 creatures vanquished.

Vanquished Creatures (others)
  A plant (D:6)
1 creature vanquished.

Grand Total: 170 creatures vanquished

Notes
Turn   | Place    | Note
-------+----------+-------------------------------------------
     0 | D:1      | Mesmaeker13 the Draconian Wizard began the quest for the
                  | Orb.
     0 | D:1      | Reached XP level 1. HP: 14/14 MP: 4/4
   229 | D:1      | Reached XP level 2. HP: 15/20 MP: 0/6
   819 | D:1      | Reached XP level 3. HP: 14/26 MP: 0/7
  1043 | D:1      | Found a glowing golden altar of the Shining One.
  1721 | D:2      | Learned a level 2 spell: Call Imp
  1820 | D:2      | Found a stormy altar of Qazlal.
  2647 | D:2      | Reached XP level 4. HP: 33/33 MP: 3/9
  4204 | D:3      | Reached XP level 5. HP: 38/38 MP: 2/10
  4316 | D:3      | Noticed Jessica
  4320 | D:3      | Killed Jessica
  4363 | D:3      | Found a shimmering blue altar of Sif Muna.
  5278 | D:4      | Reached XP level 6. HP: 45/45 MP: 7/12
  6318 | D:4      | Found Facsyr's Assorted Antiques.
  6344 | D:4      | Your scales start taking on a dull iron-grey colour.
  6344 | D:4      | Reached XP level 7. HP: 40/50 MP: 1/13
  6344 | D:4      | Gained mutation: You can survive without breathing. [Grey
                  | Draconian growth]
  6541 | D:4      | Found an ornate altar of the Wu Jian Council.
  6671 | D:4      | Learned a level 3 spell: Mephitic Cloud
  6691 | D:5      | Entered Level 5 of the Dungeon
  6765 | D:5      | Found an iron altar of Okawaru.
  6862 | D:5      | Noticed Grinder
  6896 | D:5      | Killed Grinder
  7303 | D:5      | Found a shadowy altar of Dithmenos.
  7370 | D:5      | Reached skill level 5 in Conjurations
  7397 | D:5      | Reached skill level 5 in Dodging
  7555 | D:5      | Reached skill level 1 in Poison Magic
  7974 | D:5      | Reached XP level 8. HP: 43/57 MP: 5/14
  8136 | D:6      | Identified the +1 robe of Sin {-Tele rPois Regen+ Int+6}
  8163 | D:6      | Found a shimmering blue altar of Sif Muna.
  8708 | D:6      | Found a staircase to the Ecumenical Temple.
  8950 | D:4      | Bought a transparent spear for 232 gold pieces
  8951 | D:4      | Identified the +4 spear "Liuclo Utte" {pierce, +Fly rElec
                  | Str+4 Int+4} (You bought it in a shop on level 4 of the
                  | Dungeon)
  9683 | Temple   | Entered the Ecumenical Temple
  9863 | Temple   | Became a worshipper of Hepliaklqana the Forgotten
  9891 | D:7      | Noticed a hippogriff
  9902 | D:7      | Killed a hippogriff
  9904 | D:7      | Killed from afar by an orc priest

Levels and vault maps discovered:
D:1:      minmay_arrival_solitary_statue, layout_loops_ring, serial_forest,
          infiniplex_forest_side_room, infiniplex_forest_clump_tiny,
          infiniplex_forest_lined_corner, infiniplex_forest_corner_2,
          infiniplex_forest_clump_small, infiniplex_forest_zigzag_1,
          infiniplex_forest_clump_small, infiniplex_forest_fountain, tso_altar
D:2:      layout_basic, lemuel_doored_altar, first_ration,
          kennysheep_generic_room_5
D:3:      layout_rooms, tgw_sif
D:4:      layout_basic, lemuel_round_altar, serial_shops, shop
D:5:      layout_layer_cave, nicolae_dithmenos_shadow_blocks,
          overflow_temple_1_default, uniq_grinder
D:6:      kennysheep_kobold_camp, layout_rooms, old_standard_altar,
          minmay_temple_entry_slanted
D:7:      layout_cave_pools
Temple:   compressed_dpeg_triangle_lava_temple

Skill      XL: |  1  2  3  4  5  6  7  8 |
---------------+-------------------------+-----
Dodging        | 2 3 4 5 6 |  6.2
Conjurations   | 2 3 4 5 6 |  6.5
Spellcasting   | 4 |  4.0
Summonings     | 3 4 |  4.0
Poison Magic   | 1 3 |  3.9
Stealth        | |  1.7
Translocations | |  1.0

Action                   |  1- 3 |  4- 6 |  7- 9 || total
-------------------------+-------+-------+-------++-------
Melee: Unarmed           |    14 |       |       ||    14
       Tailslap          |     5 |     7 |    11 ||    23
       Dagger            |    28 |    69 |    22 ||   119
       Quarterstaff      |       |       |    49 ||    49
       Spear             |       |       |    39 ||    39
Throw: Dart              |    11 |    44 |     8 ||    63
 Cast: Magic Dart        |   110 |   192 |   107 ||   409
       Call Imp          |       |    16 |    20 ||    36
       Mephitic Cloud    |       |       |     5 ||     5
Evoke: Wand              |       |       |     3 ||     3
  Use: Scroll            |     2 |     3 |       ||     5
       Potion            |       |       |     3 ||     3
 Stab: Sleeping          |       |       |     1 ||     1
  Eat: Chunk             |     1 |    12 |     1 ||    14
       Ration            |     1 |       |     4 ||     5
Armor: Skin              |    17 |    40 |    71 ||   128
Dodge: Dodged            |    36 |    84 |   121 ||   241
